AoeStats
← mark.schmidt

Arena

509369066Analyzed
3v3 RM · 6d ago on Sep 26, 2026· 40m 20s· 6 players
Game mode
Random Map
Map size
Normal (6 player)
Population
200
Speed
Normal
Resources
Standard
Victory
Conquest
Starting age
Dark Age
Ending age
Imperial Age
RankedLock teamsTeams togetherTeam positionsShared explorationLock speedFull tech treeHidden civsTurbo modeCheats
Victory
Defeat
🇲🇽 Celts · Mexico
897
+14
🇩🇪 Mongols · Germany
883
+15
🇩🇪 Khmer · Germany
878
+15
🇹🇷 Huns · Türkiye
913
-18
🇹🇷 Britons · Türkiye
838
-14
🇹🇷 Turks · Türkiye
804
-12
mizacory
0:52 Loom
7:14 Loom
11:37 Feudal Age
15:56 Castle Age
13:47 Horse Collar
14:49 Double-Bit Axe
15:03 Stone Mining
15:04 Gold Mining
15:12 Gold Mining
26:19 Pikeman
28:27 Heavy Plow
30:22 Stronghold
30:28 Stronghold
30:56 Bow Saw
33:18 Forging
33:09 Scale Mail Armor
38:43 Imperial Age
40:04 Halberdier
mark.schmidt
10:12 Feudal Age
11:04 Double-Bit Axe
12:51 Loom
15:18 Castle Age
14:31 Stone Mining
15:09 Horse Collar
17:17 Gold Mining
20:12 Town Watch
20:59 Padded Archer Armor
22:04 Leather Archer Armor
21:40 Fletching
23:23 Ballistics
23:13 Heavy Plow
24:50 Wheelbarrow
24:27 Bodkin Arrow
26:15 Bow Saw
27:15 Gold Shaft Mining
27:15 Stone Shaft Mining
27:07 Murder Holes
29:16 Stone Shaft Mining
30:54 Town Patrol
35:52 Imperial Age
33:54 Husbandry
34:08 Bloodlines
36:12 Hand Cart
37:08 Conscription
36:45 Heavy Camel Rider
37:51 Bracer
38:57 Scale Barding Armor
40:47 Chain Barding Armor
40:39 Forging
KaiZen
6:31 Loom
10:53 Feudal Age
11:42 Double-Bit Axe
14:42 Castle Age
14:39 Horse Collar
16:55 Bow Saw
18:46 Loom
21:12 Fletching
21:30 Gold Mining
22:32 Stone Mining
22:58 Heavy Plow
24:31 Wheelbarrow
25:12 Forging
26:11 Hand Cart
26:30 Town Watch
27:23 Iron Casting
27:16 Bloodlines
27:24 Bodkin Arrow
28:41 Gold Shaft Mining
29:28 Scale Barding Armor
32:49 Imperial Age
33:38 Chain Barding Armor
35:36 Heated Shot
36:27 Ballistics
36:44 Conscription
37:16 Plate Barding Armor
37:42 Blast Furnace
36:27 Light Cavalry
37:43 Hussar
39:09 Bracer
39:22 Capped Ram
39:54 Elite Ballista Elephant
teo-mann
13:39 Feudal Age
16:46 Double-Bit Axe
22:36 Castle Age
20:56 Horse Collar
21:47 Scale Barding Armor
NJSY
10:57 Feudal Age
11:47 Horse Collar
11:56 Double-Bit Axe
18:10 Castle Age
16:30 Gold Mining
18:36 Wheelbarrow
19:03 Bow Saw
20:04 Heavy Plow
21:09 Fletching
21:19 Padded Archer Armor
22:59 Gold Shaft Mining
25:49 Bodkin Arrow
26:10 Leather Archer Armor
29:06 Imperial Age
27:51 Fortified Wall
30:01 Bracer
30:32 Ring Archer Armor
30:35 Ballistics
30:47 Thumb Ring
Heeliios
12:05 Feudal Age
12:56 Double-Bit Axe
20:58 Castle Age
19:29 Stone Mining
21:20 Fletching
36:56 Imperial Age
36:18 Pikeman
Connection lost

Rejoining the realm…

Still unreachable

The connection could not be restored.

Session expired

The server has moved on; the page needs a fresh start.